 Dungeon Crawl Stone Soup version 0.23.1 (webtiles) character file.

Game seed: 559183573200174334

58 Borgoz the Sneak (level 4, 0/35 HPs)
             Began as a Ghoul Enchanter on Mar 3, 2019.
             Slain by Crazy Yiuf
             ... wielding a +4 quarterstaff of chaos
              (10 damage)
             ... on level 2 of the Dungeon.
             The game lasted 00:03:10 (2512 turns).

Borgoz the Sneak (Ghoul Enchanter)                  Turns: 2512, Time: 00:03:11

Health: 0/35       AC:  2    Str: 11    XL:     4   Next: 1%
Magic:  4/5        EV: 12    Int: 10    God:
Gold:   143        SH:  0    Dex: 10    Spells: 5/6 levels left

rFire    . . .     SeeInvis .   a - +1 dagger
rCold    + . .     Gourm    .   (no shield)
rNeg     + + +     Faith    .   b - +0 robe
rPois    ∞         Spirit   .   (no helmet)
rElec    .         Reflect  .   (no cloak)
rCorr    .         Harm     .   (no gloves)
MR       .....                  (no boots)
Stlth    ++........             (no amulet)
HPRegen  0.00/turn              (no ring)
MPRegen  0.09/turn              (no ring)

@: very slightly contaminated, rotting, invisible
A: rotting body, claws 1, carnivore, cold resistance 1, negative energy
resistance 3, inhibited regeneration, torment resistance, unbreathing
a: no special abilities


You were on level 2 of the Dungeon.
You were not hungry.

You visited 1 branch of the dungeon, and saw 2 of its levels.

You collected 143 gold pieces.

Inventory:

Hand Weapons
 a - a +1 dagger (weapon)
Armour
 b - a +0 robe (worn)
Scrolls
 f - a scroll of enchant weapon {unknown}
 g - a scroll of remove curse {unknown}
 i - 2 scrolls of identify {unknown}
 j - a scroll of blinking {unknown}
 k - a scroll of enchant armour {unknown}
 l - 2 scrolls of amnesia {unknown}
 m - a scroll of immolation {unknown}
 n - a scroll of teleportation {unknown}
Potions
 c - a potion of degeneration {unknown}
 e - a potion of mutation {unknown}
 h - a potion of curing {unknown}
 p - a potion of heal wounds {unknown}
Comestibles
 d - 3 rations


   Skills:
 + Level 1.3 Fighting
 * Level 2.0 Short Blades
 + Level 0.9 Armour
 * Level 2.5 Dodging
 - Level 3.2 Stealth
 - Level 1.7 Spellcasting
 + Level 2.4 Hexes


You had 5 spell levels left.
You knew the following spells:

 Your Spells              Type           Power        Failure   Level  Hunger
a - Corona                Hex            #......      12%         1    ##.....

Your spell library contained the following spells:

 Spells                   Type           Power        Failure   Level  Hunger
 Ensorcelled Hibernation  Hex/Ice        #.....       30%         2    ###....
 Confuse                  Hex            #.......     34%         3    ####...
 Tukima's Dance           Hex            #.......     34%         3    ####...
 Dazzling Spray           Conj/Hex       #.....       52%         3    ####...


Dungeon Overview and Level Annotations

Branches:
Dungeon (2/15)

Altars:

Annotations:
D:2 Crazy Yiuf


Innate Abilities, Weirdness & Mutations

Your body is rotting away.
You thrive on raw meat.
You are immune to poison.
You have sharp fingernails.
You are carnivorous and can eat meat at any time.
Your flesh is cold resistant. (rC+)
You are immune to negative energy. (rN+++)
You do not regenerate when monsters are visible.
You are immune to unholy pain and torment.
You can survive without breathing.


Message History

Crazy Yiuf is moderately wounded.
Crazy Yiuf hits you with a +4 quarterstaff of chaos.
You are electrocuted!
* * * LOW HITPOINT WARNING * * *
Casting: Corona (safe; 12% risk of failure)
Confirm with . or Enter, or press ? or * to list all spells.
You don't know that spell.
Casting: Corona (safe; 12% risk of failure)
Confirm with . or Enter, or press ? or * to list all spells.
Aiming: Corona (safe; 12% risk of failure)
Press: ? - help, Shift-Dir - straight line, f - Crazy Yiuf
Aim: Crazy Yiuf, wielding a +4 quarterstaff of chaos and wearing a +0 cloak (moderately wounded, chance to defeat MR: 48%) Crazy Yiuf is outlined in light.
Crazy Yiuf glowers.
Crazy Yiuf hits you but does no damage.
You fade further into invisibility.
You hit Crazy Yiuf.
Crazy Yiuf is moderately wounded.
Crazy Yiuf hits you with a +4 quarterstaff of chaos!
You die...

.#...>#.############.####.###
.######.####......).....#...##
.............#######.##[#.#..#
#######.#...## #########.#
............# #.##
#######.#...# ♣♣♣♣♣##..#
............#
#####♣♣♣.♣....#.#
#######.#...#
#...#♣..♣.......# .# #.#...#
#.@.'.♣♣♣♣......# .####
#.#...# #g..#♣♣ ♣♣....## ....#
#.##### ##### ♣♣#### ....# #.#
....# #.# #...# #.# ### #..##
#.########## #.# ##.##
#.##.......# #.# #..#
#.##.......# #.#


You could see Crazy Yiuf.

Vanquished Creatures
  An ooze (D:1)
  2 worms (D:2)
  6 dart slugs
  A leopard gecko (D:2)
  3 bats
  2 giant cockroaches
  6 goblins
  A hobgoblin (D:1)
  5 frilled lizards
  5 kobolds (D:2)
  4 rats
36 creatures vanquished.

Notes
Turn   | Place    | Note
-------+----------+-------------------------------------------
     0 | D:1      | Borgoz the Ghoul Enchanter began the quest for the Orb.
     0 | D:1      | Reached XP level 1. HP: 14/14 MP: 2/2
    53 | D:1      | Reached skill level 1 in Short Blades
   106 | D:1      | Reached XP level 2. HP: 22/22 MP: 3/3
   317 | D:1      | Reached skill level 1 in Fighting
   317 | D:1      | Reached XP level 3. HP: 16/28 MP: 4/4
   918 | D:2      | HP: 1/28 [worm (9)]
  2318 | D:2      | Reached XP level 4. HP: 35/35 MP: 5/5
  2496 | D:2      | Found a runed translucent door.
  2497 | D:2      | Noticed Crazy Yiuf
  2512 | D:2      | Slain by Crazy Yiuf

Skill      XL: |  1  2  3 |
---------------+----------+-----
Short Blades   | 1 2 |  2.0
Dodging        | 2 |  2.5
Fighting       | 1 |  1.3
Armour         | |  0.9
Stealth        | |  3.2
Spellcasting   | |  1.7
Hexes          | |  2.4

Action                   |  1- 3 |  4- 6 || total
-------------------------+-------+-------++-------
Melee: Dagger            |   152 |    13 ||   165
 Cast: Corona            |     3 |     1 ||     4
 Stab: Sleeping          |     6 |       ||     6
       Distracted        |     1 |       ||     1
  Eat: Chunk             |    14 |       ||    14
Armor: Robe              |     6 |     3 ||     9
Dodge: Dodged            |    69 |    13 ||    82
